 Dungeon Crawl Stone Soup version 0.30-a0-1018-g25214051b3 (webtiles) character file.

Game seed: 11338647742554690898

1888 Pimp the Trooper (level 8, -2/55 (63) HPs)
             Began as a Demonspawn Gladiator on Apr 7, 2023.
             Slain by a wight
             ... wielding a +3 dire flail of freezing
              (4 damage)
             ... on level 7 of the Dungeon.
             The game lasted 00:09:30 (3766 turns).

Pimp the Trooper (Demonspawn Gladiator)             Turns: 3766, Time: 00:09:32

HP:   -2/55 (63)    AC:  7    Str: 15    XL:     8   Next: 92%
MP:   8/8           EV: 14    Int: 15    God:
Gold: 217           SH:  4    Dex: 15    Spells: 7/7 levels left

rFire   . . .      SeeInvis .    a - +0 long sword (vamp)
rCold   x . .      Faith    .    (no shield)
rNeg    . . .      Spirit   .    f - +1 leather armour {Will+}
rPois   .          Reflect  .    A - +0 helmet
rElec   .          Rampage  .    (no cloak)
rCorr   .                        (no gloves)
Will    +....                    (no boots)
Stlth   +                        l - amulet of the acrobat
HPRegen 0.29/turn                g - ring of flight
MPRegen 0.11/turn                t - +6 ring of intelligence

@: flying, heavily drained
A: slimy green scales 1, demonic guardian 1, condensation shield, demonic touch
1, clumsy 1, cold vulnerability 1, MP-powered wands
a: no special abilities


You were on level 7 of the Dungeon.
You visited 1 branch of the dungeon, and saw 6 of its levels.

You collected 217 gold pieces.

Inventory:

Hand Weapons
 a - a +0 vampiric long sword (weapon)
Missiles
 d - 3 throwing nets (quivered)
 e - a javelin
Armour
 b - a +0 leather armour
 c - a +0 helmet
 f - a +1 leather armour of willpower (worn)
 A - a +0 helmet (worn)
Jewellery
 g - a ring of flight (left hand)
 l - an amulet of the acrobat (around neck)
 o - an amulet of guardian spirit
 t - a +6 ring of intelligence (right hand)
Scrolls
 h - a scroll of identify
 j - a scroll of torment {unknown}
 k - a scroll of summoning {unknown}
 q - a scroll of blinking
 s - 2 scrolls of teleportation
Potions
 i - 4 potions of brilliance
 m - a potion of cancellation
 n - a potion of curing
 p - 2 potions of berserk rage
 u - a potion of lignification {unknown}
 z - a potion of might {unknown}


   Skills:
 + Level 5.5 Fighting
 + Level 5.5 Long Blades
 + Level 5.0 Throwing
 + Level 4.3 Armour
 + Level 5.4 Dodging


You had 7 spell levels left.
You didn't know any spells.
Your spell library contained the following spells:

 Spells                   Type           Power      Damage    Failure   Level
 Freeze                   Ice            0%         1d3       32%         1
 Blink                    Tloc           0%         N/A       45%         2
 Lesser Beckoning         Tloc           0%         N/A       45%         2
 Momentum Strike          Conj/Tloc      0%         3d8       45%         2
 Poisonous Vapours        Pois/Air       0%         N/A       45%         2
 Frozen Ramparts          Ice            0%         1d1       69%         3
 Hailstorm                Conj/Ice       0%         3d3       69%         3
 Mephitic Cloud           Conj/Pois/Air  0%         N/A       69%         3
 Stone Arrow              Conj/Erth      0%         3d7       69%         3
 Animate Armour           Summ/Erth      0%         N/A       97%         4
 Freezing Cloud           Conj/Ice/Air   0%         6-21      100%        5
 Borgnjor's Revivificati  Necr           0%         N/A       100%        8
 Lehudib's Crystal Spear  Conj/Erth      0%         10d2      100%        8
 Necromutation            Tmut/Necr      0%         N/A       100%        8
 Death's Door             Necr           0%         N/A       100%        9


Dungeon Overview and Level Annotations

Branches:
Dungeon (7/15)
 Temple: D:4-7

Altars:
Makhleb
Nemelex Xobeh
Wu Jian
Yredelemnul

Shops:
D:2 !??

Annotations:
D:4 3 runed translucent doors
D:7 Joseph


Innate Abilities, Weirdness & Mutations

You are partially covered in slimy green scales. (AC +2)
A weak demonic guardian rushes to your aid.
A meltable shield of frost defends you. (SH +4)
Your touch may inflict minor irresistible damage on your foes.
You are clumsy. (Dex -2)
You are vulnerable to cold. (rC-)
You expend magic power (3 MP) to strengthen your wands.


Message History

The wight is lightly damaged.
Your attacks no longer feel as feeble.
You block the wight's attack. The wight barely misses you.
The gnoll hits you from afar with a +0 halberd!
You hit the wight but do no damage.
The wight is lightly damaged.
The wight completely misses you. The wight barely misses you.
The gnoll completely misses you.
Unknown command.
You closely miss the wight.
The wight is lightly damaged.
The gnoll is no longer moving quickly.
The wight barely misses you. The gnoll barely misses you.
You slash the wight!
The wight is heavily damaged.
The wight closely misses you.
The wight hits you from afar with a +0 halberd!
The gnoll misses you.
You closely miss the wight. Your touch misses the wight.
The wight is heavily damaged.
The wight hits you with a +3 dire flail of freezing.
* * * LOW HITPOINT WARNING * * *
A demonic guardian appears!
The wight freezes you.
* * * LOW HITPOINT WARNING * * *
You block the wight's attack. The gnoll misses you.
Your iron imp hits the wight.
You closely miss the wight.
The wight is severely damaged.
You block the wight's attack.
The wight hits you from afar with a +0 halberd.
* * * LOW HITPOINT WARNING * * *
A demonic guardian appears!
You feel drained.
* * * LOW HITPOINT WARNING * * *
You feel better.
The wight hits you with a +3 dire flail of freezing!
* * * LOW HITPOINT WARNING * * *
You feel drained.
* * * LOW HITPOINT WARNING * * *
The wight freezes you.
You die...

..#.<.....#...................#..
.....).#..#.................###..
...).#.####..............#..##..>
...###...##............###..#....
#..###.................# ##......
....#....###~###......## ##..##.
.........#.#≈# #.^.##.## #..##..
###....###.#≈#.###5##..# ##....⌠
...........#≈#..@z5....# ##.#..
..#....###.#≈#.###z....# ###..##.
####.#...#.#≈# #.....#####.....#.
##.......###~###z###.####......#.
..................# ..#........#.
....#.##........####.(........##.
....# .......#. ....###....#..
#.............. .. ..####...#...⌠
.................###.# #....###..


You could see 2 wights, a friendly iron imp (summoned) and a friendly shadow imp
(summoned).

Vanquished Creatures
  Pikel (D:6)
  Sigmund (D:6)
  Edmund (D:6)
  An ice beast (D:6)
  2 kobold brigands
  3 bullfrogs
  2 scorpions (D:6)
  5 wights (D:7)
  A howler monkey (D:7)
  A gnoll bouda (D:7)
  2 jellies
  2 orc priests
  2 iguanas (D:6)
  3 gnolls (D:7)
  5 adders
  A worm (D:2)
  2 dart slugs
  15 orcs
  5 endoplasms
  5 giant cockroaches
  6 goblins
  7 hobgoblins
  2 jackals (D:3)
  10 kobolds
  A quokka (D:3)
  9 ball pythons
  10 bats
  3 frilled lizards
  14 rats
122 creatures vanquished.

Vanquished Creatures (collateral kills)
  A gnoll (D:7)
1 creature vanquished.

Grand Total: 123 creatures vanquished

Notes
Turn   | Place    | Note
-------+----------+-------------------------------------------
     0 | D:1      | Pimp the Demonspawn Gladiator began the quest for the Orb.
     0 | D:1      | Reached XP level 1. HP: 16/16 MP: 1/1
   260 | D:1      | Gained mutation: You are partially covered in slimy green
                  | scales. (AC +2) [demonic ancestry]
   260 | D:1      | Reached XP level 2. HP: 22/22 MP: 2/2
   874 | D:2      | Gained mutation: A meltable shield of frost defends you.
                  | (SH +4) [demonic ancestry]
   874 | D:2      | Reached XP level 3. HP: 28/28 MP: 3/3
   898 | D:2      | Found Jukudwes's Magic Scroll Emporium.
   917 | D:2      | Found Qaho Ymuth's Magic Scroll Boutique.
  1262 | D:2      | Found Xueppurharr's Distillery.
  1441 | D:2      | Gained mutation: Your touch may inflict minor irresistible
                  | damage on your foes. [demonic ancestry]
  1441 | D:2      | Reached XP level 4. HP: 34/34 MP: 4/4
  1533 | D:3      | Reached skill level 1 in Armour
  1577 | D:3      | Found an ornate altar of the Wu Jian Council.
  1951 | D:3      | Reached XP level 5. HP: 40/40 MP: 5/5
  2169 | D:4      | Found a runed translucent gate.
  2169 | D:4      | Found a runed translucent gate.
  2170 | D:4      | Found a runed translucent gate.
  2346 | D:4      | You are sucked into a shaft and drop 3 floors!
  2348 | D:7      | Found a burning altar of Makhleb.
  2352 | D:7      | Noticed Joseph
  2395 | D:6      | Reached XP level 6. HP: 45/47 MP: 6/6
  2436 | D:6      | Noticed an ice beast
  2437 | D:6      | Gained mutation: You are vulnerable to cold. (rC-) [potion
                  | of mutation]
  2437 | D:6      | Gained mutation: You are clumsy. (Dex -2) [potion of
                  | mutation]
  2437 | D:6      | Gained mutation: You expend magic power (3 MP) to
                  | strengthen your wands. [potion of mutation]
  2442 | D:6      | Killed an ice beast
  2491 | D:6      | Found a sparkling altar of Nemelex Xobeh.
  2600 | D:6      | Reached XP level 7. HP: 25/53 MP: 7/7
  2709 | D:6      | Noticed Sigmund
  2718 | D:6      | Killed Sigmund
  2801 | D:6      | Noticed Edmund
  2812 | D:6      | Killed Edmund
  2888 | D:6      | Noticed Pikel
  2899 | D:6      | Killed Pikel
  2900 | D:6      | Gained mutation: A weak demonic guardian rushes to your
                  | aid. [demonic ancestry]
  2900 | D:6      | Reached XP level 8. HP: 27/61 MP: 8/8
  3086 | D:6      | Reached skill level 5 in Long Blades
  3086 | D:6      | Reached skill level 5 in Dodging
  3214 | D:6      | Found a basalt altar of Yredelemnul.
  3274 | D:7      | Reached skill level 5 in Fighting
  3752 | D:7      | Reached skill level 5 in Throwing
  3766 | D:7      | HP: 2/55 [wight/+3 dire flail of freezing (4)]
  3766 | D:7      | Slain by a wight

Illustrated notes

Levels and vault maps discovered:
D:1:      onia_arrival_pyramid, layout_loops_cross, minmay_rat_gold_closets
D:2:      layout_loops_cross, serial_shops, nicolae_square_shop,
          nicolae_shop_waterfront, nicolae_shop_hallway_plus
D:3:      layout_rooms, nicolae_overflow_crystal_walls
D:4:      layout_basic, minmay_temple_entry_fiery, ebering_ghost_rock_garden,
          uniq_grinder
D:6:      layout_rooms, kennysheep_mini, amcnicky_altar_gilded, uniq_sigmund,
          uniq_pikel, uniq_edmund
D:7:      layout_cave_pools, lemuel_round_altar,
          mainiacjoe_overflow_tiny_flanked, minitemple, grunt_decor_cap,
          minmay_misc_feat_tower, uniq_joseph

Skill      XL: |  1  2  3  4  5  6  7  8 |
---------------+-------------------------+-----
Throwing       | 2 3 4 5 |  5.0
Long Blades    | 3 4 5 |  5.5
Dodging        | 3 4 5 |  5.4
Armour         | 1 2 3 4 |  4.3
Fighting       | 3 4 5 |  5.5

Action                     |  1- 3 |  4- 6 |  7- 9 || total
---------------------------+-------+-------+-------++-------
  Melee: Long sword        |   122 |   111 |   126 ||   359
         Punch             |     1 |       |     2 ||     3
         Touch             |       |    22 |    31 ||    53
    Use: Scroll            |       |    12 |     1 ||    13
         Potion            |       |     1 |     2 ||     3
   Stab: Sleeping          |     2 |       |       ||     2
 Armour: Leather armour    |    50 |    24 |    23 ||    97
  Dodge: Dodged            |    92 |   110 |   115 ||   317
  Block: Other             |    10 |    25 |    27 ||    62

Table legend: (Time is in decaauts)
 A = Elapsed time spent in this place.
 B = Non-inter-level travel time spent in this place.
 C = Inter-level travel time spent in this place.
 D = Time resting spent in this place.
 E = Time spent auto-exploring this place.
 F = Levels seen in this place.
 G = Mean time per level.
                   A        B        C        D        E       F      G
               +--------+--------+--------+--------+--------+-----+--------+
         Total |   3841 |   3752 |     89 |    389 |   2277 |   6 |  640.2 |
       Dungeon |   3841 |   3752 |     89 |    389 |   2277 |   6 |  640.2 |
               +--------+--------+--------+--------+--------+-----+--------+

Top non-repeatable levels by time:
     D:6: 973 daAuts
     D:1: 850 daAuts
     D:2: 694 daAuts
     D:3: 693 daAuts
     D:7: 472 daAuts
     D:4: 156 daAuts
